 Dungeon Crawl Stone Soup version 0.18-a0-1123-gbd92598 (webtiles) character file.

193 tof the Skirmisher (level 5, 0/48 HPs)
             Began as a Minotaur Fighter on Jan 19, 2016.
             Slain by a gnoll
             ... wielding a +0 halberd
              (4 damage)
             ... on level 3 of the Dungeon.
             The game lasted 00:04:33 (2081 turns).

tof the Skirmisher (Minotaur Fighter)               Turns: 2081, Time: 00:04:33

Health: 0/48       AC:  3    Str: 20    XL:     5   Next: 43%
Magic:  4/4        EV:  9    Int:  5    God:
Gold:   154        SH:  9    Dex: 11    Spells: 0 memorised, 4 levels left

rFire  . . .     SeeInvis .     a - +0 flail
rCold  . . .     Gourm    .     m - +0 leather armour (curse)
rNeg   . . .     Faith    .     c - +0 shield
rPois  .         Spirit   .     (helmet restricted)
rElec  .         Dismiss  .     (no cloak)
rCorr  .         Reflect  .     (no gloves)
SustAt .         Harm     .     (no boots)
MR     .....                    (no amulet)
Stlth  +.........               (no ring)
                                v - +1 ring of evasion

@: not resistant to hostile enchantments, very unstealthy
A: retaliatory headbutt, horns 2
a: no special abilities


You were on level 3 of the Dungeon.
You were not hungry.

You visited 1 branch of the dungeon, and saw 3 of its levels.

You collected 154 gold pieces.

Inventory:

Hand Weapons
 a - a +0 flail (weapon)
Armour
 b - a +0 scale mail
 c - a +0 shield (worn)
 g - a +0 ring mail
 m - a cursed +0 leather armour (worn)
Magical Staves
 x - an uncursed staff of wizardry
Jewellery
 v - a +1 ring of evasion (left hand)
Scrolls
 h - a scroll of fear {unknown}
 j - 5 scrolls of identify {unknown}
 k - a scroll of teleportation {unknown}
 l - a scroll of magic mapping {unknown}
 n - a scroll of remove curse {unknown}
 s - a scroll of fog {unknown}
 t - a scroll of enchant armour {unknown}
 z - a scroll of noise {unknown}
Potions
 d - 3 potions of might
 e - a potion of invisibility {unknown}
 i - a potion of brilliance {unknown}
 o - a potion of heal wounds {unknown}
 p - a potion of magic {unknown}
 r - a potion of curing {unknown}
Books
 y - a book of Battle

   Spells                             Type                      Level
   a - Infusion                       Charms                       1
   b - Shroud of Golubria             Charms/Translocation         2
   c - Song of Slaying                Charms                       2
   d - Spectral Weapon                Hexes/Charms                 3
   e - Regeneration                   Charms/Necromancy            3
Comestibles
 f - 6 bread rations
 q - 2 chunks of flesh
 u - a royal jelly
 w - a beef jerky


   Skills:
 * Level 5.5 Fighting
 * Level 4.5 Maces & Flails
 + Level 4.7 Armour
 - Level 3.6 Shields


You had 4 spell levels left.
You didn't know any spells.

Dungeon Overview and Level Annotations

Branches:
Dungeon (3/15)

Altars:
Fedhas
Pakellas


Innate Abilities, Weirdness & Mutations

You reflexively headbutt those who attack you in melee.
You have a pair of horns on your head.


Message History

The gnoll hits you from afar with a halberd!
The gnoll closely misses you. You block the gnoll's attack.
There is an open door here.
You see here a gnoll corpse.
You completely miss the gnoll. You block the gnoll's attack.
The gnoll closely misses you. x2
You hit the gnoll.
The gnoll is lightly wounded.
The gnoll barely misses you. The gnoll hits you with a halberd!
You block the gnoll's attack.
You hit the gnoll.
The gnoll is lightly wounded.
The gnoll hits you with a halberd!
* * * LOW HITPOINT WARNING * * *
The gnoll closely misses you. The gnoll hits you but does no damage.
You are too injured to fight recklessly!
You are too injured to fight recklessly!
The gnoll hits you from afar with a halberd.
You die...

.........##
#...######
###.....## ##.##
........# #.#
###.....# #.#
........# #.#
######.## +#.#+
...
#####...#####...
......⌠(........
#####..@#####.#.
+#.#gg..#
#.#g..8.#
#.#.._..#
#.#.8.8.#
#.##...## ..
#### ..


You could see 3 gnolls.

Vanquished Creatures
  The ghost of ThermosAquaticus the Chopper, a weakling FoAK of Lugonu (D:3)
  An orc priest (D:3)
  A gnoll (D:3)
  3 adders
  An ooze (D:3)
  2 worms (D:2)
  2 giant geckos (D:1)
  8 orcs (D:3)
  A giant cockroach (D:1)
  9 goblins
  9 hobgoblins
  3 jackals (D:3)
  11 kobolds
  A quokka (D:3)
  6 bats
  3 giant newts
  4 rats
66 creatures vanquished.

Vanquished Creatures (others)
  A lightning spire (D:3)
  2 bushes (D:3)
3 creatures vanquished.

Grand Total: 69 creatures vanquished

Notes
Turn   | Place    | Note
--------------------------------------------------------------
     0 | D:1      | tof the Minotaur Fighter began the quest for the Orb.
     0 | D:1      | Reached XP level 1. HP: 19/19 MP: 0/0
   244 | D:1      | Reached XP level 2. HP: 27/27 MP: 1/1
   377 | D:1      | Reached skill level 4 in Armour
   666 | D:2      | Reached XP level 3. HP: 26/33 MP: 2/2
  1404 | D:3      | Reached XP level 4. HP: 33/41 MP: 3/3
  1510 | D:3      | Reached skill level 5 in Fighting
  1649 | D:3      | Found an oddly glowing altar of Pakellas.
  1650 | D:3      | Noticed a cyclops
  1760 | D:3      | Noticed ThermosAquaticus's ghost (weakling FoAK)
  1773 | D:3      | Killed ThermosAquaticus's ghost
  1773 | D:3      | Reached XP level 5. HP: 22/48 MP: 4/4
  2072 | D:3      | Found a blossoming altar of Fedhas.
  2081 | D:3      | Slain by a gnoll

Vault maps used:
D:1:      evilmike_arrival_hilbert_curve, minmay_misc_feat_tower
D:2:      first_bread
D:3:      gammafunk_pakellas_spire_experiment, grunt_temple_overflow_cloverleaf

Action                   |  1- 3 |  4- 6 || total
-------------------------+-------+-------++-------
Melee: Flail             |   112 |    55 ||   167
  Eat: Chunk             |     2 |     2 ||     4
